 Dungeon Crawl Stone Soup version 0.16-a0-4123-g49b462e (console) character file.

373 MrRokkomies the Skirmisher (level 6, 0/71 HPs)
             Began as an Ogre Ice Elementalist on Mar 2, 2015.
             Slain by an adder (4 damage)
             ... on level 3 of the Dungeon.
             The game lasted 00:06:40 (1876 turns).

MrRokkomies the Skirmisher (Ogre Ice Elementalist)  Turns: 1876, Time: 00:06:40

Health: 0/71       AC:  3    Str: 14    XL:     6   Next: 72%
Magic:  11/11      EV: 10    Int: 14    God:
Gold:   65         SH:  0    Dex: 17    Spells: 2 memorised, 5 levels left

rFire  . . .     SeeInvis .     n - +2 trident (freeze)
rCold  . . .     Clarity  .     a - +0 robe
rNeg   . . .     SustAb   .     (shield restricted)
rPois  .         Gourm    .     (helmet restricted)
rElec  .         Spirit   .     (no cloak)
rCorr  .         Warding  .     (gloves unavailable)
rMut   +         Stasis   .     (boots unavailable)
MR     .....                    f - amulet of resist mutation
Stlth  ++........               (no ring)
                                j - +5 ring of dexterity

@: lethally poisoned (0 -> -2), not resistant to hostile enchantments,
unstealthy
A: unfitting armour, tough skin 1
a: no special abilities


You were on level 3 of the Dungeon.
You were very hungry.

You visited 1 branch of the dungeon, and saw 3 of its levels.

You collected 65 gold pieces.

Inventory:

Hand weapons
 k - a +0 club
 n - a +2 trident of freezing (weapon)
Missiles
 p - 42 stones (quivered)
Armour
 a - a +0 robe (worn)
Jewellery
 f - an amulet of resist mutation (around neck)
 j - a +5 ring of dexterity (left hand)
Scrolls
 e - 2 scrolls of recharging
 g - 2 scrolls of remove curse
 h - 2 scrolls of enchant weapon
 o - a scroll of teleportation
 s - a scroll of enchant armour {unknown}
Potions
 d - 2 potions of cure mutation
Books
 b - a book of Frost

   Spells                             Type                      Level
   a - Freeze                         Ice                          1
   b - Throw Frost                    Conjuration/Ice              2
   c - Ozocubu's Armour               Charms/Ice                   3
   d - Throw Icicle                   Conjuration/Ice              4
   e - Summon Ice Beast               Ice/Summoning                4
   f - Condensation Shield            Ice                          4
Comestibles
 c - 2 meat rations
 i - 2 fruits
 r - a beef jerky


   Skills:
 * Level 7.1 Fighting
 * Level 4.4 Maces & Flails
 - Level 1.7 Dodging
 - Level 1.5 Stealth
 - Level 2.4 Spellcasting
   Level 0.6 Conjurations
 - Level 2.1 Ice Magic


You had 5 spell levels left.
You knew the following spells:

 Your Spells              Type           Power        Failure   Level  Hunger
a - Freeze                Ice            #...         12%         1    #......
b - Ozocubu's Armour      Chrm/Ice       #.......     47%         3    ###....


Dungeon Overview and Level Annotations

Branches:
Dungeon (3/15)

Altars:


Innate Abilities, Weirdness & Mutations

You are too large for most types of armour.
You have tough skin (AC +1).


Message History

The orc priest is heavily wounded.
The adder barely misses you. The orc hits you with a whip.
* * * LOW HITPOINT WARNING * * *
The orc priest becomes somewhat translucent.
The adder barely misses you. The orc hits you with a whip.
* * * LOW HITPOINT WARNING * * *
You hit the orc priest. You freeze the orc priest.
The orc priest is almost dead.
You feel sick. The adder bites you but does no damage.
The orc priest mumbles some strange prayers to Beogh.
You feel troubled. The orc barely misses you. The adder closely misses you.
You puncture the orc priest! You freeze the orc priest.
You kill the orc priest!
You feel sick. The adder closely misses you. The orc hits you with a whip.
* * * LOW HITPOINT WARNING * * *
You closely miss the adder. The adder closely misses you.
The orc hits you with a whip.
* * * LOW HITPOINT WARNING * * *
The adder bites you.
You die...

#.....# #####.#
#.##### #.#...########
##### #.....'.......
#...# ###...#######.
#...#######.).........
#...#.......##.######.
#...'.......##.# ..#.
#...#)S.....##.# #.#.
#.So#@o.....<..#.##.#.
#..)#........###......
#..o#####.##.# ####.##
##.## #.##.# #.# #.
#.##.# ##.## #. #.##.#
#.... ..
#.##.#####..## ##
.(##........#
#######..# #..# #..#


You could see an adder and an orc.

Vanquished Creatures
  Grinder (D:3)
  Sigmund (D:2)
  An orc priest (D:3)
  An orc wizard (D:3)
  An adder (D:3)
  A worm (D:2)
  2 giant geckos (D:1)
  2 orcs (D:3)
  A giant cockroach (D:1)
  6 goblins
  3 hobgoblins
  4 bats
  2 giant newts (D:2)
  3 kobolds
  7 rats
36 creatures vanquished.

Notes
Turn   | Place    | Note
--------------------------------------------------------------
     0 | D:1      | MrRokkomies, the Ogre Ice Elementalist, began the quest for the Orb.
     0 | D:1      | Reached XP level 1. HP: 16/16 MP: 3/3
    35 | D:1      | Reached skill level 1 in Fighting
   314 | D:1      | Reached XP level 2. HP: 25/28 MP: 3/5
   579 | D:1      | You fall through a shaft!
   657 | D:2      | Noticed Sigmund
   662 | D:2      | Killed Sigmund
   662 | D:2      | Reached skill level 5 in Fighting
   662 | D:2      | Reached XP level 3. HP: 21/42 MP: 6/6
   662 | D:2      | Reached XP level 4. HP: 25/50 MP: 8/8
   669 | D:2      | Learned a level 3 spell: Ozocubu's Armour
  1201 | D:2      | Reached skill level 1 in Maces & Flails
  1476 | D:3      | Reached XP level 5. HP: 57/57 MP: 9/9
  1503 | D:3      | Noticed Grinder
  1632 | D:3      | Paralysed by Grinder for 3 turns
  1635 | D:3      | Killed Grinder
  1635 | D:3      | Reached skill level 6 in Fighting
  1635 | D:3      | Reached XP level 6. HP: 10/68 MP: 11/11
  1867 | D:3      | Reached skill level 7 in Fighting
  1876 | D:3      | Slain by an adder

Action                   |  1- 3 |  4- 6 || total
-------------------------+-------+-------++-------
Melee: Unarmed           |    46 |       ||    46
       Spear             |    18 |       ||    18
       Trident           |     6 |    75 ||    81
 Cast: Freeze            |     4 |       ||     4
  Use: Scroll            |     5 |     2 ||     7
       Potion            |       |     2 ||     2
 Stab: Sleeping          |     2 |     4 ||     6
  Eat: Chunk             |       |     2 ||     2
